 Dungeon Crawl Stone Soup version 0.27-b1-23-g44b8eac545 (webtiles) character file.

Game seed: 2059119563523065595

34 mhtbhm the Covered (level 3, -1/33 HPs)
             Began as a Minotaur Fighter on July 27, 2021.
             Was a Follower of Vehumet.
             Slain by Sigmund (18 damage)
             ... on level 2 of the Dungeon.
             The game lasted 00:01:32 (1161 turns).

mhtbhm the Covered (Minotaur Fighter)               Turns: 1161, Time: 00:01:32

Health: -1/33      AC:  7    Str: 21    XL:     3   Next: 14%
Magic:  2/2        EV:  7    Int:  5    God:    Vehumet [*.....]
Gold:   104        SH:  0    Dex:  9    Spells: 2/2 levels left

rFire    . . .     SeeInvis .   a - +0 trident
rCold    . . .     Faith    .   c - +0 kite shield
rNeg     . . .     Spirit   .   b - +0 scale mail
rPois    .         Reflect  .   (helmet restricted)
rElec    .         Harm     .   (no cloak)
rCorr    .         Rampage  .   (no gloves)
Will     .....                  (no boots)
Stlth    ..........             (no amulet)
HPRegen  0.11/turn              (no ring)
MPRegen  0.08/turn              (no ring)

@: confused
A: horns 2, retaliatory headbutt
a: Renounce Religion


You were on level 2 of the Dungeon.
You worshipped Vehumet.
Vehumet was aware of your devotion.
You visited 1 branch of the dungeon, and saw 2 of its levels.

You collected 104 gold pieces.

Inventory:

Hand Weapons
 a - a +0 trident (weapon)
Armour
 b - a +0 scale mail (worn)
 c - a +0 kite shield (worn)
 g - a +0 cloak
 k - a +0 pair of boots
Scrolls
 f - 2 scrolls of fear {unknown}
 h - 2 scrolls of amnesia {unknown}
 j - a scroll of magic mapping {unknown}
 l - a scroll of blinking {unknown}
 m - a scroll of teleportation {unknown}
 n - a scroll of enchant weapon {unknown}
 o - a scroll of enchant armour {unknown}
Potions
 d - a potion of might
 e - a potion of magic


   Skills:
 + Level 4.0 Fighting
 + Level 2.9 Polearms
 + Level 4.2 Armour
 + Level 0.1 Dodging
 + Level 4.0 Shields


You had 2 spell levels left.
You didn't know any spells.
Your spell library contained the following spells:

 Spells                   Type           Power      Damage    Failure   Level
 Magic Dart               Conj           0%         1d3       99%         1
 Sandblast                Erth           0%         2d4       99%         1
 Passwall                 Tmut/Erth      0%         N/A       100%        2
 Ignite Poison            Fire/Tmut/Pois 0%         N/A       100%        3
 Mephitic Cloud           Conj/Pois/Air  0%         N/A       100%        3
 Bolt of Magma            Conj/Fire/Erth 0%         4d4       100%        5
 Lee's Rapid Deconstruct  Erth           0%         3d5*      100%        5


Dungeon Overview and Level Annotations

Branches:
Dungeon (2/15)

Altars:
Vehumet

Annotations:
D:2 Sigmund


Innate Abilities, Weirdness & Mutations

You have a pair of horns on your head.
You reflexively headbutt those who attack you in melee.


Message History

Unknown command.
You are too confused!
Sigmund gestures at you while chanting.
You are more confused.
You puncture Sigmund!
Sigmund is moderately wounded.
Sigmund hits you with a +3 scythe.
You puncture Sigmund!
Sigmund is severely wounded.
Sigmund barely misses you. x2
Sigmund barely misses you.
Sigmund hits you from afar with a +3 scythe.
You're too confused to move!
Sigmund drinks a potion.
Sigmund seems to grow stronger.
Unknown command.
Sigmund points at you and mumbles some strange words.
You resist with significant effort.
You're too confused to move!
Sigmund gestures at you while chanting. The magic dart hits you!
Unknown command.
You feel less confused.
Sigmund points at you and mumbles some strange words.
The magic dart hits you.
Unknown command.
Okay, then.
Okay, then.
Sigmund casts a spell at you.
You are confused.
Unknown command.
Sigmund hits you but does no damage. Sigmund gestures at you while chanting.
You are more confused.
Sigmund hits you but does no damage. Sigmund hits you but does no damage.
You hit Sigmund.
Sigmund is almost dead.
Sigmund hits you with a +3 scythe. Sigmund hits you with a +3 scythe!!
Ouch! That really hurt!
You die...

#### ... ####.##### #........#
#.##.....# ###### ...
###.##....@###....###....
.........#@..............
.#####.#.#.........#.....
#..............#..... ##.###.
#..#..####........... ..
...###.####..#............#
.##..(..........#............#
.............##.#....<...#+###
.............<...........#+###


You could see Sigmund (strong).

Vanquished Creatures
  2 dart slugs
  A ball python (D:2)
  An endoplasm (D:2)
  A giant cockroach (D:1)
  A goblin (D:1)
  3 hobgoblins
  8 jackals
  2 kobolds (D:1)
  2 quokkas
  A bat (D:2)
  A frilled lizard (D:1)
  2 rats (D:1)
25 creatures vanquished.

Notes
Turn   | Place    | Note
-------+----------+-------------------------------------------
     0 | D:1      | mhtbhm the Minotaur Fighter began the quest for the Orb.
     0 | D:1      | Reached XP level 1. HP: 19/19 MP: 0/0
   237 | D:1      | Found a faded altar of an unknown god.
   344 | D:1      | Reached XP level 2. HP: 27/27 MP: 1/1
   651 | D:1      | Became a worshipper of Vehumet
   651 | D:1      | Reached * piety under Vehumet
   651 | D:1      | Offered knowledge of Magic Dart by Vehumet.
   901 | D:2      | Reached XP level 3. HP: 26/33 MP: 2/2
  1132 | D:2      | Noticed Sigmund
  1161 | D:2      | Slain by Sigmund

Illustrated notes

Levels and vault maps discovered:
D:1:      mainiacjoe_arrival_reflecting_pool, layout_rooms,
          hellmonk_ecumenical_altar_heavens_door
D:2:      layout_basic, solitary_fountain, item_on_display_a, uniq_sigmund

Skill      XL: |  1  2 |
---------------+-------+-----
Armour         | 4 |  4.2
Fighting       | 4 |  4.0
Shields        | 4 |  4.0
Polearms       | |  2.9
Dodging        | |  0.1

Action                   || total
-------------------------++-------
Melee: Trident           ||    80
       Headbutt          ||     8
  Use: Potion            ||     2
Armor: Scale mail        ||    36
Dodge: Dodged            ||    27
Block: Kite shield       ||    37
